 Dungeon Crawl Stone Soup version 0.22.1-2-g9c5b331 (webtiles) character file.

1109 Heatsaber the Magician (level 8, 0/42 HPs)
             Began as a Vine Stalker Skald on Dec 28, 2018.
             Slain by a worker ant (7 damage)
             ... on level 5 of the Dungeon.
             The game lasted 00:20:17 (3570 turns).

Heatsaber the Magician (Vine Stalker Skald)         Turns: 3570, Time: 00:20:18

Health: 0/42       AC:  7    Str: 15    XL:     8   Next: 33%
Magic:  0/17       EV: 12    Int: 15    God:
Gold:   244        SH:  0    Dex: 13    Spells: 6/17 levels left

rFire    . . .     SeeInvis .   o - +2 dagger (venom)
rCold    . . .     Gourm    .   (no shield)
rNeg     . . .     Faith    .   r - +0 steam dragon scales
rPois    .         Spirit   +   (no helmet)
rElec    .         Reflect  .   (no cloak)
rCorr    .         Harm     .   (no gloves)
MR       +....                  (no boots)
Stlth    +.........             (no amulet)
HPRegen  0.54/turn              c - +2 ring of protection
MPRegen  0.15/turn              (no ring)

@: infused, singing
A: fangs 3, regeneration 1, magic shield, antimagic bite, no potion heal 3, rot
immunity
a: no special abilities


You were on level 5 of the Dungeon.
You were near starving.

You visited 1 branch of the dungeon, and saw 5 of its levels.
You also visited: Sewer.

You collected 244 gold pieces.

Inventory:

Hand Weapons
 a - a +0 short sword
 o - a +2 dagger of venom (weapon)
 s - a cursed -1 dagger
 w - a +0 dagger of speed
 y - a +0 blowgun
Missiles
 A - 30 poisoned needles
Armour
 b - a +0 leather armour
 e - a +0 ring mail
 r - +0 steam dragon scales (worn)
Jewellery
 c - a +2 ring of protection (left hand)
Wands
 k - a wand of polymorph (21)
Scrolls
 f - a scroll of magic mapping
 g - 2 scrolls of teleportation
 h - a scroll of enchant weapon
 l - a scroll of amnesia {unknown}
 m - a scroll of remove curse {unknown}
 t - a scroll of fear
Potions
 i - 2 potions of brilliance
 j - 6 potions of curing
 n - a potion of magic
 p - a potion of cancellation
 q - 2 potions of lignification
 u - a potion of flight {unknown}
 v - a potion of might {unknown}
 x - 5 potions of heal wounds {unknown}
 z - a potion of agility {unknown}
Comestibles
 d - 9 rations


   Skills:
 + Level 4.8 Fighting
 + Level 4.8 Short Blades
 - Level 0.7 Armour
 - Level 1.5 Dodging
 + Level 5.4 Spellcasting
 - Level 5.0 Charms


You had 6 spell levels left.
You knew the following spells:

 Your Spells              Type           Power        Failure   Level  Hunger
a - Infusion              Chrm           ###.         1%          1    None
b - Song of Slaying       Chrm           ###.....     3%          2    #......
c - Shroud of Golubria    Chrm/Tloc      ##........   9%          2    #......
d - Regeneration          Chrm/Necr      ##........   17%         3    ###....
e - Confuse               Hex            #.......     43%         3    ###....

Your spell library contained the following spells:

 Spells                   Type           Power        Failure   Level  Hunger
 Confusing Touch          Hex            #.....       16%         1    None
 Corona                   Hex            #......      16%         1    None
 Spectral Weapon          Hex/Chrm       ##......     17%         3    ###....
 Ensorcelled Hibernation  Hex/Ice        #.....       24%         2    #......
 Dazzling Spray           Conj/Hex       #.....       43%         3    ###....
 Gell's Gravitas          Tloc           #.........   43%         3    ###....
 Tukima's Dance           Hex            #.......     43%         3    ###....
 Petrify                  Tmut/Erth      #.......     83%         4    ####...
 Metabolic Englaciation   Hex/Ice        #.........   99%         5    ######.
 Yara's Violent Unravell  Hex/Tmut       #.........   99%         5    ######.


Dungeon Overview and Level Annotations

Branches:
Dungeon (5/15)
 Temple: D:4-7

Altars:
Okawaru


Innate Abilities, Weirdness & Mutations

You have razor-sharp teeth.
Your natural rate of healing is unusually fast.
When hurt, damage is shared between your health and your magic reserves.
Your bite disrupts and absorbs the magic of your enemies.
Potions cannot restore your health.
You are immune to rotting.


Message History

You hit the adder!
The adder is almost dead.
The adder bites you.
You closely miss the adder. You bite the adder.
You kill the adder!
You puncture the orc!
You kill the orc!
The orc barely misses you.
You puncture the hound skeleton! Your bite misses the hound skeleton.
The hound skeleton is heavily damaged.
A worker ant comes into view.
The hound skeleton bites you.
You puncture the hound skeleton! You bite the hound skeleton.
You destroy the hound skeleton!
The orc hits you from afar with a trident.
* * * LOW HITPOINT WARNING * * *
The worker ant bites you.
* * * LOW HITPOINT WARNING * * *
The orc misses you. The worker ant bites you!
You die...

.. #. # #. ..⌠ #. #.
.#.. #.. #. ... ##
.#...#. .. ..#
.......#### .#...#.
#..o@.# ##.#.....
.#.###a####<..#..#.
........((..........
..#..#.#..##....##.#
.#.. #.#..##.####
.....##.# #####.##.#
## ... ..##.## ...
.. ####..#


You could see a worker ant and an orc.

Vanquished Creatures
  Grinder (D:3)
  A centaur (D:5)
  2 big kobolds (Sewer)
  A scorpion (D:4)
  A howler monkey (D:4)
  4 iguanas
  Natasha (thrice) (D:2)
  2 worker ants (D:4)
  2 orc wizards
  A hound skeleton (D:5)
  4 gnolls (D:4)
  11 adders
  6 river rats (Sewer)
  An ooze (Sewer)
  A worm (D:4)
  4 dart slugs
  4 leopard geckos
  7 orcs
  4 giant cockroaches
  6 goblins
  7 hobgoblins
  11 jackals
  3 quokkas
  8 ball pythons
  5 bats
  2 frilled lizards
  22 kobolds
  A leopard gecko skeleton (D:4)
  29 rats
154 creatures vanquished.

Notes
Turn   | Place    | Note
-------+----------+-------------------------------------------
     0 | D:1      | Heatsaber the Vine Stalker Skald began the quest for the
                  | Orb.
     0 | D:1      | Reached XP level 1. HP: 11/11 MP: 4/4
    89 | D:1      | Reached XP level 2. HP: 9/15 MP: 1/6
   156 | D:1      | Learned a level 2 spell: Song of Slaying
   159 | D:1      | Learned a level 2 spell: Shroud of Golubria
   547 | D:1      | Reached XP level 3. HP: 15/18 MP: 2/7
  1128 | D:2      | Gained mutation: Your natural rate of healing is unusually
                  | fast. [Vine Stalker growth]
  1128 | D:2      | Reached XP level 4. HP: 18/23 MP: 2/9
  1155 | D:2      | Noticed Natasha
  1162 | D:2      | Killed Natasha
  1194 | D:2      | Noticed Natasha
  1208 | D:2      | Killed Natasha
  1245 | D:2      | Found an iron altar of Okawaru.
  1355 | D:2      | Noticed Natasha
  1369 | D:2      | Killed Natasha
  1369 | D:2      | Reached XP level 5. HP: 25/27 MP: 6/10
  1659 | D:3      | Learned a level 3 spell: Regeneration
  1738 | D:3      | Noticed Grinder
  1738 | D:3      | Paralysed by Grinder for 4 turns
  1753 | D:3      | Killed Grinder
  1753 | D:3      | Reached XP level 6. HP: 7/32 MP: 1/12
  1873 | D:3      | Learned a level 3 spell: Confuse
  2348 | D:4      | Reached XP level 7. HP: 34/36 MP: 11/14
  2672 | D:4      | Reached skill level 5 in Charms
  2735 | D:4      | Found a glowing drain.
  2748 | Sewer    | Entered a sewer
  2977 | Sewer    | Gained mutation: You have razor-sharp teeth. [Vine Stalker
                  | growth]
  2977 | Sewer    | Reached XP level 8. HP: 13/42 MP: 1/16
  2979 | Sewer    | Reached skill level 5 in Spellcasting
  3507 | D:5      | Entered Level 5 of the Dungeon
  3570 | D:5      | Slain by a worker ant

Skill      XL: |  1  2  3  4  5  6  7  8 |
---------------+-------------------------+-----
Fighting       | 2 3 4 |  4.8
Short Blades   | 2 3 4 |  4.8
Spellcasting   | 3 4 5 |  5.4
Charms         | 4 5 |  5.0
Armour         | |  0.7
Dodging        | |  1.5

Action                   |  1- 3 |  4- 6 |  7- 9 || total
-------------------------+-------+-------+-------++-------
Melee: Short sword       |   104 |       |       ||   104
       Bite              |    23 |    24 |    44 ||    91
       Dagger            |       |   107 |   189 ||   296
 Cast: Infusion          |    11 |     7 |    13 ||    31
       Song of Slaying   |       |     3 |     8 ||    11
       Shroud of Golubri |       |     1 |     2 ||     3
  Use: Scroll            |     1 |     8 |     1 ||    10
  Eat: Chunk             |     1 |     3 |     4 ||     8
Armor: Leather armour    |    16 |       |       ||    16
       Ring mail         |    26 |    26 |       ||    52
       Steam dragon scal |       |    20 |    57 ||    77
Dodge: Dodged            |    45 |    98 |   116 ||   259
